 Dungeon Crawl Stone Soup version 0.31-a0-716-gc7603755dd (webtiles) character file.

Game seed: 3768645772293597720

73625 Conn the Thaumaturge (level 15, 0/95 HPs)
             Began as an Octopode Fire Elementalist on Sept 10, 2023.
             Was an Elder of Sif Muna.
             Slain by Mindmass's ghost (34 damage)
             ... on level 12 of the Dungeon.
             The game lasted 01:58:24 (26567 turns).

Conn the Thaumaturge (Octopode Fire Elementalist)  Turns: 26567, Time: 01:58:27

Health: 0/95       AC:  2    Str:  7      XL:     15   Next: 44%
Magic:  31/47      EV: 19    Int: 23 (24) God:    Sif Muna [****..]
Gold:   1424       SH: 18    Dex: 14      Spells: 1/35 levels left

rFire   + + .        a - staff "Jusej" {SInv Conj}
rCold   + + .        U - +2 shield of Resistance {rF++ rC++ Will++}
rNeg    . . .        j - +1 hat
rPois   +            Q - amulet of reflection
rElec   .            k - ring of see invisible
rCorr   .            I - ring of magical power
SInv    +            K - +5 ring of evasion
Will    +++..        o - ring of poison resistance
Stlth   +++++        E - ring of magical power
HPRegen 0.35/turn    (no ring)
MPRegen 0.30/turn    (no ring)
                     (no ring)

%: reflection
@: very slightly contaminated, invisible
A: almost no armour, amphibious, 8 rings, camouflage 1, gelatinous body 1,
(nimble swimmer 1), tentacles, tentacle spike 1, deterioration 1, MP-powered
wands
a: Renounce Religion, Channel Magic, Forget Spell, Divine Exegesis


You were on level 12 of the Dungeon.
You worshipped Sif Muna.
Sif Muna was greatly pleased with you.
You visited 4 branches of the dungeon, and saw 20 of its levels.

You collected 3173 gold pieces.
You spent 1749 gold pieces at shops.

Inventory:

Hand Weapons
 b - the +10 broad axe "Binkaack" {freeze, rElec rF+ rN+ rCorr}
   (You bought it in a shop on level 2 of the Orcish Mines)

   rF+:       It protects you from fire.
   rElec:     It insulates you from electricity.
   rN+:       It protects you from negative energy.
   rCorr:     It protects you from acid and corrosion.
 Z - the +10 rapier of Uwol Fenk {drain, rElec rPois rF++ Will-}
   (You found it on level 5 of the Lair of Beasts)

   rF++:      It greatly protects you from fire.
   rElec:     It insulates you from electricity.
   rPois:     It protects you from poison Will-: It decreases your willpower.
Missiles
 i - 11 datura-tipped darts
 u - 4 throwing nets (quivered)
 X - 3 curare-tipped darts
Armour
 j - a +1 hat (worn)
 n - a +0 buckler
 U - the +2 shield of Resistance (worn) {rF++ rC++ Will++}
   (You found it on level 3 of the Lair of Beasts)

   rF++:      It greatly protects you from fire.
   rC++:      It greatly protects you from cold.
   Will++:    It greatly increases your willpower.
Magical Staves
 a - the staff "Jusej" (weapon) {SInv Conj}
   (You found it on level 2 of the Lair of Beasts)

   [staff of conjuration]

   Base accuracy: +5 Base damage: 5 Base attack delay: 1.2 This weapon's minimum
   attack delay (0.6) is reached at skill level 12.
   SInv:      It lets you see invisible.
   Conj:      It increases the power of your Conjurations spells.
   It falls into the 'Staves' category.
   It is a one-tentacled weapon.
 h - a staff of air
 R - the staff of Conscience {rElec rC+ Str+2 Ice}
   (You found it on level 2 of the Lair of Beasts)

   [staff of cold]

   Base accuracy: +5 Base damage: 5 Base attack delay: 1.2 This weapon's minimum
   attack delay (0.6) is reached at skill level 12.
   Str+2:     It affects your strength (+2).
   rC+:       It protects you from cold.
   rElec:     It insulates you from electricity.
   Ice:       It increases the power of your Ice spells.
   It falls into the 'Staves' category.
   It is a one-tentacled weapon.
Jewellery
 k - a ring of see invisible (left tentacle)
 o - a ring of poison resistance (on tentacle)
 E - a ring of magical power (on tentacle)
 F - an amulet of magic regeneration
 I - a ring of magical power (right tentacle)
 K - a +5 ring of evasion (on tentacle)
 Q - an amulet of reflection (around mantle)
 T - a ring of ice
Wands
 e - a wand of acid (5)
 s - a wand of flame (61)
 w - a wand of mindburst (5)
 y - a wand of roots (18)
 C - a wand of polymorph (5)
 N - a wand of paralysis (13)
Scrolls
 c - 3 scrolls of vulnerability
 f - 2 scrolls of immolation
 g - a scroll of revelation
 l - 3 scrolls of brand weapon
 p - a scroll of blinking
 v - 10 scrolls of teleportation
 z - 2 scrolls of silence
 B - a scroll of torment
 D - a scroll of amnesia
 G - 2 scrolls of poison
 V - 2 scrolls of noise
Potions
 d - 3 potions of berserk rage
 m - 2 potions of mutation
 q - a potion of brilliance
 r - 7 potions of curing
 x - a potion of enlightenment
 A - 3 potions of attraction
 L - 9 potions of ambrosia
 M - 2 potions of haste
 O - 7 potions of magic
 P - 2 potions of might
 S - a potion of resistance {unknown}
 W - a potion of invisibility
 Y - a potion of lignification


   Skills:
 + Level 6.5 Fighting
 - Level 7.1 Dodging
 - Level 7.5 Stealth
 - Level 10.0 Shields
 * Level 10.9 Spellcasting
 + Level 10.6 Conjurations
 - Level 3.0 Hexes
 - Level 7.0 Summonings
 - Level 5.1 Translocations
 + Level 9.3 Fire Magic
 - Level 5.0 Ice Magic
 - Level 5.0 Air Magic
 - Level 3.0 Poison Magic
 + Level 9.5 Invocations


You had one spell level left.
You knew the following spells:

 Your Spells              Type           Power      Damage    Failure   Level
a - Foxfire               Conj/Fire      100%       2x1d9     1%          1
b - Scorch                Fire           100%       2d9       1%          2
c - Inner Flame           Hex/Fire       41%        N/A       4%          3
d - Flame Wave            Conj/Fire      73%        2d16      3%          4
e - Hailstorm             Conj/Ice       64%        3d14      2%          3
f - Mephitic Cloud        Conj/Pois/Air  57%        N/A       4%          3
g - Swiftness             Air            35%        N/A       8%          3
h - Summon Ice Beast      Ice/Summ       40%        N/A       17%         4
i - Blink                 Tloc           72%        N/A       3%          2
j - Iskenderun's Mystic   Conj/Tloc      64%        2d13      8%          4
k - Fireball              Conj/Fire      36%        3d15      9%          5

Your spell library contained the following spells:

 Spells                   Type           Power      Damage    Failure   Level
 Magic Dart               Conj           100%       1d8       1%          1
 Shock                    Conj/Air       100%       1d9       1%          1
 Call Imp                 Summ           88%        N/A       1%          2
 Searing Ray              Conj           100%       2d8       1%          2
 Lesser Beckoning         Tloc           72%        N/A       3%          2
 Volatile Blastmotes      Fire/Tloc      90%        2d17      3%          3
 Sticky Flame             Conj/Fire      73%        2d9       3%          4
 Gell's Gravitas          Tloc           36%        N/A       7%          3
 Teleport Other           Tloc           36%        N/A       7%          3
 Iskenderun's Battlesphe  Conj           75%        2d12      7%          5
 Frozen Ramparts          Ice            70%        1d11      8%          3
 Cigotuvi's Dreadful Rot  Necr/Pois/Air  48%        N/A       10%         2
 Ignite Poison            Fire/Tmut/Pois 31%        N/A       11%         3
 Fulminant Prism          Conj/Hex       30%        3d15      12%         4
 Tukima's Dance           Hex            26%        N/A       17%         3
 Manifold Assault         Tloc           36%        N/A       24%         4
 Airstrike                Air            17%        2d(3-19)  26%         4
 Wereblood                Tmut           12%        N/A       30%         2
 Freezing Cloud           Conj/Ice/Air   30%        6-21      32%         5
 Dimensional Bullseye     Hex/Tloc       15%        N/A       36%         4
 Starburst                Conj/Fire      36%        6d11      45%         6
 Irradiate                Conj/Tmut      26%        3d20      52%         5
 Anguish                  Hex/Necr       9%         N/A       71%         4
 Metabolic Englaciation   Hex/Ice        15%        N/A       71%         5
 Conjure Ball Lightning   Conj/Air       32%        3x3d10    77%         6
 Animate Dead             Necr           12%        N/A       89%         4
 Dispel Undead            Necr           12%        3d9       89%         4
 Orb of Destruction       Conj           37%        9d11      91%         7
 Yara's Violent Unravell  Hex/Tmut       9%         3d6       96%         5
 Simulacrum               Ice/Necr       12%        N/A       100%        6
 Enfeeble                 Hex            13%        N/A       100%        7


Dungeon Overview and Level Annotations

Branches:
Dungeon (12/15)            Temple (1/1) D:4            Lair (5/5) D:10
  Swamp (0/4) Lair:3       Spider (0/4) Lair:2        Slime (0/5) Lair:4
    Orc (2/2) D:12            Elf (0/3) Orc:2

Altars:
Ashenzari
Cheibriados
Dithmenos
Elyvilon
Fedhas
Gozag
Hepliaklqana
Kikubaaqudgha
Makhleb
Nemelex Xobeh
Okawaru
Qazlal
Ru
Sif Muna
Trog
Uskayaw
Vehumet
Wu Jian
Xom
Yredelemnul
Zin
The Shining One
Jiyva

Shops:
D:2 [*   Orc:2 *([(

Portals:
Trove: D:12 (give 17 potions of curing)

Annotations:
D:12 Mindmass's ghost, journeyman TrBe


Innate Abilities, Weirdness & Mutations

You cannot wear most types of armour.
You are amphibious.
You can wear up to eight rings at the same time.
Your skin changes colour to match your surroundings (Stealth+).
Your rubbery body absorbs attacks. (AC +1, EV +1)
((You are camouflaged when in or above water. (Stealth+)))
You have tentacles for arms and can constrict up to eight enemies at once.
One of your tentacles bears a spike.
Your body sometimes deteriorates upon taking damage.
You expend magic power (3 MP) to strengthen your wands.


Message History

Mindmass's ghost is moderately damaged.
Unknown command.
Unknown command.
Unknown command.
Casting: Inner Flame (mildly dangerous; 4% risk of failure)
Confirm with . or Enter, or press ? or * to list all spells.
Flames lash the anaconda.
The anaconda is lightly wounded.
The anaconda's fire resistance burns away.
Unknown command.
Mindmass's ghost is engulfed in blazing flames.
Casting: Scorch (safe; 1% risk of failure)
Confirm with . or Enter, or press ? or * to list all spells.
Casting: Flame Wave (dangerous; 3% risk of failure)
Press: ? - help, Dir - look around, f - activate You feel a surge of power!
A wave of flame ripples out!
The flame wave engulfs the anaconda!
The anaconda is burned terribly!
The anaconda is moderately wounded. (Press . to intensify the flame waves.)
You block the anaconda's attack. x2
Mindmass's ghost is engulfed in blazing flames.
Unknown command.
A wave of flame ripples out!
The flame wave engulfs the anaconda!!
The anaconda is burned terribly!
The anaconda is heavily wounded.
The flame wave engulfs Mindmass's ghost!
Mindmass's ghost is moderately damaged.
The anaconda is no longer more vulnerable to fire.
You block the anaconda's attack. The anaconda completely misses you.
Mindmass's ghost hits you!!!
Ouch! That really hurt!
Your body deteriorates!
You feel dopey.
Unknown command.
Casting: Flame Wave (dangerous; 3% risk of failure)
Confirm with . or Enter, or press ? or * to list all spells.
You miscast Blink.
You are very lightly contaminated with residual magic.
Nothing appears to happen.
The anaconda bites you! You block the anaconda's attack.
Mindmass's ghost hits you!!
You die...

.....###.....#...##.....)#...###.
...>..............>.....)........
..####'######'###'#.......###'###
..#..#....#...##..#.......#.....#
..#..#....#...##..'.......#.)...#
..#..#....#...##..#.#####.#.)...#
..#..#....#...##..#.#####.#.....#
..#..###########..#.......###..##
###..###########@.####......#).#.
...............SWz...#.######.(#.
...............§.....#.#...##..#.
#############H#'######.'.∩.##)##.
..............x....#####...##.#..
..#......###'''###.....#####..#..
..#......#.......#......<.....#..
.........#.#..##.#............#..
.........###.....#...##..###..#..


You could see a skeletal warrior (unable to see you), an anaconda (unable to see
you), a manticore (wandering, unable to see you), an unseen horror (invisible)
and Mindmass's ghost (unable to see you).

Vanquished Creatures
  2 orc warlords
  Nessos (Lair:4)
  Snorg (D:11)
  Josephine (Lair:3)
  Harold (D:10)
  A hydra (Lair:4)
  A merfolk avatar (Lair:5)
  A centaur warrior (D:9)
  4 boulder beetles
  5 two-headed ogres
  Erica (Orc:1)
  4 death yaks (Lair:4)
  3 orc high priests (Orc:2)
  Sonja (D:10)
  2 skysharks
  2 sea snakes (Lair:5)
  5 lindwurms
  A harpy (Lair:5)
  An orc knight (Orc:2)
  7 ugly things
  A will-o-the-wisp (Lair:3)
  An orc sorcerer (Orc:2)
  A cyclops (D:12)
  A manticore (Lair:5)
  11 elephants (Lair:5)
  4 black mambas
  A torpor snail (Lair:2)
  Maggie (D:9)
  A kobold demonologist (D:9)
  10 komodo dragons
  2 gargoyles
  12 cane toads
  A rime drake (Lair:3)
  An unseen horror (D:12)
  A wind drake (Lair:5)
  A queen bee (Lair:2)
  6 polar bears
  5 trolls
  Grinder (D:4)
  2 hornets
  12 dream sheep
  20 blink frogs
  A snapping turtle (Lair:5)
  A shadow (D:10)
  6 wraiths
  A human (D:5)
  6 wyverns
  47 yaks
  4 steam dragons
  6 vampire mosquitoes
  2 basilisks
  Grum (D:10)
  5 wargs
  3 acid dragons
  18 water moccasins
  35 orc warriors
  An ice beast (D:6)
  2 black bears (D:10)
  8 centaurs
  A sky beast (D:6)
  5 wolves
  9 ogres
  A phantom (D:4)
  Blork the orc (D:4)
  2 kobold brigands
  18 bullfrogs
  7 gnoll sergeants
  2 scorpions
  5 wights (D:8)
  35 killer bees
  2 electric eels
  7 howler monkeys
  3 jellies
  4 hounds
  18 orc priests
  A gnoll bouda (D:5)
  A sleepcap (D:6)
  26 orc wizards
  7 iguanas
  Ijyb (D:4)
  12 hell rats
  37 gnolls
  9 adders
  3 white imps (D:6)
  A worm (D:4)
  3 dart slugs
  110 orcs
  5 endoplasms
  2 giant cockroaches
  5 goblins
  7 hobgoblins
  13 jackals
  9 quokkas
  7 ball pythons
  6 bats
  2 frilled lizards
  A jackal zombie (D:5)
  16 kobolds
  6 rats
  A foxfire (D:10)
699 creatures vanquished.

Vanquished Creatures (collateral kills)
  A manticore (Lair:5)
  5 foxfires
6 creatures vanquished.

Vanquished Creatures (others)
  A killer bee (Lair:2)
  1423 foxfires
1424 creatures vanquished.

Grand Total: 2129 creatures vanquished

Notes
Turn   | Place    | Note
-------+----------+-------------------------------------------
     0 | D:1      | Conn the Octopode Fire Elementalist began the quest for the
                  | Orb.
     0 | D:1      | Reached XP level 1. HP: 11/11 MP: 3/3
   254 | D:1      | Reached XP level 2. HP: 17/17 MP: 1/5
   258 | D:1      | Learned a level 2 spell: Scorch
   949 | D:1      | Reached XP level 3. HP: 21/21 MP: 6/6
   953 | D:1      | Learned a level 3 spell: Inner Flame
  1305 | D:2      | Found Bahyzxics's General Store.
  1358 | D:2      | Found Dakhler's Armour Shoppe.
  1358 | D:2      | Noticed an animated crystal plate armour
  1360 | D:2      | Noticed an animated pearl dragon scales
  1372 | D:2      | Bought a +0 buckler for 58 gold pieces
  1585 | D:2      | Found a faded altar of an unknown god.
  2027 | D:2      | Reached XP level 4. HP: 27/27 MP: 7/7
  2152 | D:2      | Reached skill level 1 in Shields
  2247 | D:3      | Found a radiant altar of Vehumet.
  2620 | D:3      | Reached XP level 5. HP: 29/31 MP: 8/8
  2787 | D:3      | Reached skill level 1 in Hexes
  3670 | D:4      | Noticed a phantom
  3682 | D:4      | Killed a phantom
  3683 | D:4      | Reached XP level 6. HP: 27/36 MP: 0/10
  3905 | D:4      | Noticed Grinder
  3917 | D:4      | Killed Grinder
  3918 | D:4      | Reached XP level 7. HP: 36/41 MP: 1/12
  3999 | D:4      | Found a staircase to the Ecumenical Temple.
  4013 | Temple   | Entered the Ecumenical Temple
  4046 | Temple   | Became a worshipper of Sif Muna the Loreminder
  4119 | D:4      | Noticed Ijyb
  4125 | D:4      | Killed Ijyb
  4178 | D:4      | Noticed Blork the orc
  4185 | D:4      | Killed Blork the orc
  4328 | D:4      | Found an opulent altar of Gozag.
  4578 | D:4      | Found an iron altar of Okawaru.
  4609 | D:4      | Found a bloodstained altar of Trog.
  4615 | D:4      | Reached skill level 1 in Invocations
  4615 | D:4      | Reached XP level 8. HP: 44/46 MP: 6/13
  4616 | D:4      | Found a glowing silver altar of Zin.
  4880 | D:5      | Entered Level 5 of the Dungeon
  4886 | D:5      | Reached skill level 5 in Stealth
  4980 | D:4      | Learned a level 4 spell: Flame Wave
  4984 | D:4      | Learned a level 3 spell: Hailstorm
  5180 | D:4      | Gained mutation: Your body sometimes deteriorates upon
                  | taking damage. [potion of mutation]
  5180 | D:4      | Gained mutation: One of your tentacles bears a spike.
                  | [potion of mutation]
  5180 | D:4      | Gained mutation: You expend magic power (3 MP) to
                  | strengthen your wands. [potion of mutation]
  5330 | D:5      | Reached * piety under Sif Muna
  5663 | D:5      | You fall into a shaft and drop 2 floors!
  5684 | D:6      | HP: 2/46 [poisoned by a gnoll sergeant]
  6182 | D:6      | Reached XP level 9. HP: 24/51 MP: 2/15
  6651 | D:6      | Reached ** piety under Sif Muna
  6652 | D:6      | Reached skill level 5 in Conjurations
  6921 | D:6      | Reached skill level 5 in Spellcasting
  7601 | D:5      | Learned a level 3 spell: Mephitic Cloud
  7604 | D:5      | Identified a scroll of acquirement
  7605 | D:5      | Acquired 1139 gold pieces
  7803 | D:5      | Found a glowing golden altar of the Shining One.
  7828 | D:5      | Found a runed translucent door.
  8143 | D:5      | Found a basalt altar of Yredelemnul.
  8327 | D:7      | Reached skill level 5 in Shields
  8327 | D:7      | Reached skill level 1 in Air Magic
  8513 | D:7      | Found a hide-covered altar of Uskayaw.
  8516 | D:7      | Noticed a +0 dagger
  8516 | D:7      | Noticed a +0 dagger
  8533 | D:7      | Reached skill level 5 in Fire Magic
  9021 | D:8      | Reached skill level 1 in Ice Magic
  9341 | D:8      | Reached XP level 10. HP: 56/56 MP: 13/18
  9488 | D:8      | Reached *** piety under Sif Muna
  9804 | D:8      | Learned a level 3 spell: Swiftness
 10132 | D:9      | Noticed Maggie
 10140 | D:9      | Killed Maggie
 10254 | D:9      | Reached skill level 5 in Invocations
 10420 | D:9      | Noticed a green ugly thing
 10428 | D:9      | Noticed a centaur warrior
 10428 | D:9      | Noticed a white ugly thing
 10429 | D:9      | Reached skill level 5 in Dodging
 10430 | D:9      | Killed a green ugly thing
 10430 | D:9      | Noticed a cyan ugly thing
 10431 | D:9      | Reached skill level 1 in Poison Magic
 10435 | D:9      | Noticed a kobold demonologist
 10435 | D:9      | Noticed a two-headed ogre
 10435 | D:9      | Killed a white ugly thing
 10435 | D:9      | HP: 1/56 [spore (17)]
 10437 | D:9      | Killed a white ugly thing
 10437 | D:9      | Killed a centaur warrior
 10437 | D:9      | Killed a two-headed ogre
 10437 | D:9      | Killed a kobold demonologist
 10438 | D:9      | Reached XP level 11. HP: 1/61 MP: 1/20
 10843 | D:9      | Learned a level 4 spell: Summon Ice Beast
 10906 | D:9      | Found a hazy altar of Hepliaklqana.
 11156 | D:9      | Noticed a white ugly thing
 11168 | D:9      | Killed a white ugly thing
 11168 | D:9      | Reached **** piety under Sif Muna
 11606 | D:10     | Entered Level 10 of the Dungeon
 11869 | D:10     | Reached skill level 1 in Summonings
 11880 | D:10     | Noticed Harold
 11896 | D:10     | Killed Harold
 11915 | D:10     | Reached skill level 1 in Fighting
 12043 | D:10     | Noticed Grum
 12044 | D:10     | Noticed a two-headed ogre
 12051 | D:10     | Killed Grum
 12145 | D:10     | Killed a two-headed ogre
 12155 | D:10     | Noticed Sonja
 12332 | D:10     | Found a stormy altar of Qazlal.
 12333 | D:10     | Found an ancient bone altar of Kikubaaqudgha.
 12378 | D:10     | Killed Sonja
 12401 | D:10     | Found a staircase to the Lair.
 13030 | D:2      | Bought a potion of haste for 120 gold pieces
 13032 | D:2      | Bought a scroll of identify for 24 gold pieces
 13032 | D:2      | Bought a scroll of identify for 24 gold pieces
 13036 | D:2      | Bought a scroll of identify for 24 gold pieces
 13214 | D:11     | Noticed Snorg
 13214 | D:11     | Noticed a boulder beetle
 13220 | D:11     | Noticed a two-headed ogre
 13223 | D:11     | Killed Snorg
 13224 | D:11     | Reached XP level 12. HP: 64/70 MP: 20/22
 13450 | D:11     | Killed a two-headed ogre
 13699 | D:11     | Learned a level 2 spell: Blink
 13961 | D:12     | Noticed Mindmass's ghost (journeyman TrBe)
 13962 | D:12     | Noticed a minotaur
 13973 | D:12     | Found a runed translucent gate.
 13974 | D:12     | Found a runed translucent gate.
 13975 | D:12     | Found a runed translucent gate.
 14164 | D:12     | Found a staircase to the Orcish Mines.
 14241 | D:12     | Reached skill level 1 in Translocations
 14303 | D:12     | Noticed a boulder beetle
 14304 | D:12     | Noticed a boulder beetle
 14623 | D:12     | Found a portal to a secret trove of treasure.
 14731 | D:12     | Reached skill level 5 in Air Magic
 14851 | D:12     | Noticed a two-headed ogre
 14908 | D:12     | Killed a two-headed ogre
 15342 | D:11     | Killed a boulder beetle
 15433 | D:12     | Killed a boulder beetle
 15809 | Lair:1   | Entered Level 1 of the Lair of Beasts
 15981 | Lair:1   | Reached XP level 13. HP: 77/77 MP: 22/25
 16058 | Lair:1   | Reached skill level 5 in Summonings
 16870 | Lair:2   | Reached ***** piety under Sif Muna
 17447 | Lair:2   | Found a hole to the Spider Nest.
 18115 | Lair:2   | Received a gift from Sif Muna
 18122 | Lair:2   | Learned a level 4 spell: Iskenderun's Mystic Blast
 18299 | Lair:2   | Identified the staff "Jusej" {SInv Conj}
 18302 | Lair:2   | Identified the staff of Conscience {rElec rC+ Str+2 Ice}
 18584 | Lair:3   | Noticed Josephine
 18591 | Lair:3   | Reached skill level 5 in Ice Magic
 18593 | Lair:3   | Killed Josephine
 18815 | Lair:3   | Found a staircase to the Swamp.
 18830 | Lair:3   | Reached XP level 14. HP: 86/86 MP: 17/26
 19240 | Lair:3   | Found the +2 shield of Resistance {rF++ rC++ Will++}
 19806 | Lair:4   | Reached skill level 5 in Translocations
 20033 | Lair:4   | Found a viscous altar of Jiyva.
 20034 | Lair:4   | Found a staircase to the Slime Pits.
 20037 | Lair:4   | Noticed Nessos
 20045 | Lair:4   | Killed Nessos
 20368 | Lair:4   | HP: 2/86 [death yak (28)]
 20625 | Lair:4   | Reached skill level 5 in Fighting
 21723 | Lair:5   | Entered Level 5 of the Lair of Beasts
 21750 | Lair:5   | Reached skill level 10 in Conjurations
 22056 | Lair:5   | Reached skill level 10 in Spellcasting
 22320 | Lair:5   | Reached XP level 15. HP: 58/94 MP: 4/29
 22466 | Lair:4   | Learned a level 5 spell: Fireball
 22737 | Lair:5   | Identified the +10 rapier of Uwol Fenk {drain, rElec rPois
                  | rF++ Will-}
 23348 | Orc:1    | Entered Level 1 of the Orcish Mines
 23449 | Orc:1    | Noticed Erica
 23456 | Orc:1    | Killed Erica
 23832 | Orc:1    | Reached skill level 10 in Shields
 24089 | Orc:1    | Received a gift from Sif Muna
 24094 | Orc:1    | Got Sif Muna's Quarto of the Pyre {god gift}
 24271 | Orc:2    | Entered Level 2 of the Orcish Mines
 24877 | Orc:2    | Found Bac Uluth's General Store.
 24882 | Orc:2    | Bought a scroll of blinking for 112 gold pieces
 25019 | Orc:2    | Found a staircase to the Elven Halls.
 25217 | Orc:2    | Found Rokimm's Weapon Emporium.
 25272 | Orc:2    | Bought the +10 broad axe "Binkaack" {freeze, rElec rF+ rN+
                  | rCorr} for 1144 gold pieces
 25398 | Orc:2    | Noticed an orc warlord
 25616 | Orc:2    | Killed an orc warlord
 25801 | Orc:2    | Found Oplyk's Antique Weapon Boutique.
 25808 | Orc:2    | Found Juaril's Antique Armour Shop.
 25820 | Orc:2    | Bought a dazzling morningstar for 243 gold pieces
 25820 | Orc:2    | Identified the +4 morningstar of Qegimnet {freeze, Will+}
                  | (You bought it in a shop on level 2 of the Orcish Mines)
 25852 | Orc:2    | Received a gift from Sif Muna
 25856 | Orc:2    | Got Sif Muna's Compendium of Mortification and the Glacier
                  | {god gift}
 26081 | Orc:1    | Noticed an orc warlord
 26118 | Orc:1    | Killed an orc warlord
 26567 | D:12     | Slain by Mindmass's ghost

Illustrated notes

Levels and vault maps discovered:
D:1:      shiori_shiawase, layout_basic
D:2:      wander_river, layout_basic, serial_shops, nicolae_shop_trees,
          nicolae_shop_mannequins, nicolae_ecumenical_snake_handling
D:3:      layout_basic, vehumet_crystals, kennysheep_nondescript
D:4:      layout_gridville, okawaru_gym_becter,
          chequers_temple_overflow_statue_of_worship, grunt_gozag_statues,
          minmay_temple_entry_junction, nicolae_nh_ransacked_shop, uniq_ijyb,
          uniq_grinder, uniq_blork_the_orc
D:5:      layout_cave_pools, dk_yredelemnul_ordeal, tso_altar
D:6:      layout_basic, water_maze_lemuel
D:7:      layout_basic, dancing_weapons_uskayaw
D:8:      layout_basic, serial_glass, glass_columns_a, glass_columns_a,
          glass_columns_a, glass_columns_c, glass_columns_c, glass_columns_a,
          st_stairs_8
D:9:      layout_roguey, worldfamousw_hep_ancestral_shrine,
          minmay_shattered_shrine, uniq_maggie
D:10:     layout_gridville, nicolae_overflow_squiral,
          due_lair_maze_entry_diamond, centaur_isle, uniq_sonja, uniq_grum,
          uniq_harold
D:11:     layout_rooms, uniq_snorg
D:12:     layout_stronghold, orc_0_dummy, enter_trove_3,
          maelrawn_ghost_gauntlet_escape
Temple:   grunt_temple_mini_profane
Lair:1:   layout_chaotic_city, infiniplex_staircase_pool_2
Lair:2:   layout_roguey [special_room_bee], spider_nest_entry_web_field,
          special_room, minmay_lindwurm_lava
Lair:3:   layout_roguey, minmay_swamp_entry_wisps, lemuel_fruit_fields,
          grunt_megastairs_1, infiniplex_staircase_pool, serial_bayou_shore_a,
          uniq_josephine
Lair:4:   layout_regular_city, slime_entry_1, serial_bayou_shore_b,
          grunt_megastairs_2, uniq_nessos
Lair:5:   gammafunk_lair_ancient_temple, layout_misc_corridors, serial_forest,
          infiniplex_forest_corner_1, infiniplex_forest_clump_small,
          infiniplex_forest_clump_cross, infiniplex_forest_clump_large,
          infiniplex_forest_lined_2
Orc:1:    nicolae_orc_accident_3, layout_diamond_mine, uniq_erica
Orc:2:    grunt_orc_community_town_hall, layout_caves,
          grunt_orc_community_big_house_2, grunt_orc_community_big_house_2,
          grunt_orc_community_house_3, grunt_orc_community_house_2,
          grunt_orc_community_house_1, grunt_orc_community_house_2,
          grunt_orc_community_house_2, basic_altar, lemuel_statue_altar

Skill      XL: |  1  2  3  4  5  6  7  8  9 10 11 12 13 14 15 |
---------------+----------------------------------------------+-----
Stealth        | 3 4 5 6 7 |  7.5
Shields        | 1 2 3 4 5 6 7 8 9 10 | 10.0
Conjurations   | 2 3 4 5 6 7 8 9 10 | 10.6
Hexes          | 1 2 3 |  3.0
Spellcasting   | 3 4 5 6 7 8 10 | 10.9
Dodging        | 3 4 5 6 7 |  7.1
Fire Magic     | 4 5 6 7 8 9 |  9.3
Invocations    | 1 3 4 6 7 9 |  9.5
Air Magic      | 2 4 5 |  5.0
Ice Magic      | 1 2 3 4 5 |  5.0
Poison Magic   | 2 3 |  3.0
Summonings     | 3 4 6 7 |  7.0
Fighting       | 2 3 4 5 6 |  6.5
Translocations | 2 4 5 |  5.1

Action                     |  1- 3 |  4- 6 |  7- 9 | 10-12 | 13-15 || total
---------------------------+-------+-------+-------+-------+-------++-------
  Melee: Dagger            |    55 |     9 |       |       |       ||    64
         Constrict         |    16 |     9 |    14 |     2 |    11 ||    52
         Tentacles         |     8 |     7 |     8 |     3 |    19 ||    45
         Punch             |     1 |       |       |       |     2 ||     3
         Spear             |       |    10 |       |       |       ||    10
         Flail             |       |    16 |    44 |     3 |       ||    63
         Kick              |       |       |    13 |     1 |    22 ||    36
         Staff             |       |       |       |       |    53 ||    53
  Throw: Throwing net      |       |       |     1 |       |       ||     1
         Dart              |       |       |       |     1 |    11 ||    12
   Cast: Foxfire           |    36 |    65 |   142 |   227 |   357 ||   827
         Scorch            |     3 |    15 |    74 |   127 |   150 ||   369
         Inner Flame       |       |     1 |    12 |    36 |    45 ||    94
         Flame Wave        |       |       |     6 |    20 |   103 ||   129
         Hailstorm         |       |       |     4 |    11 |    23 ||    38
         Mephitic Cloud    |       |       |       |    46 |    53 ||    99
         Summon Ice Beast  |       |       |       |    10 |    10 ||    20
         Blink             |       |       |       |    12 |     8 ||    20
         Iskenderun's Myst |       |       |       |       |    31 ||    31
         Swiftness         |       |       |       |       |     1 ||     1
         Fireball          |       |       |       |       |     6 ||     6
 Invoke: Channel Magic     |       |       |     1 |     5 |    12 ||    18
  Evoke: Wand              |       |       |     5 |     7 |     2 ||    14
    Use: Scroll            |       |       |    12 |    13 |     8 ||    33
         Potion            |       |       |     5 |     7 |     9 ||    21
   Stab: Sleeping          |     7 |     5 |     2 |     1 |     2 ||    17
 Armour: Skin              |    24 |    23 |    67 |    50 |   137 ||   301
  Dodge: Dodged            |    41 |    25 |    91 |    65 |   130 ||   352
  Block: Buckler           |       |       |       |    27 |    32 ||    59
         Kite shield       |       |       |       |       |   178 ||   178
         Reflection        |       |       |       |       |    27 ||    27

Table legend: (Time is in decaauts)
 A = Elapsed time spent in this place.
 B = Non-inter-level travel time spent in this place.
 C = Inter-level travel time spent in this place.
 D = Time resting spent in this place.
 E = Time spent auto-exploring this place.
 F = Levels seen in this place.
 G = Mean time per level.
                   A        B        C        D        E       F      G
               +--------+--------+--------+--------+--------+-----+--------+
         Total |  26666 |  25811 |    855 |   4596 |  14264 |  20 | 1333.3 |
       Dungeon |  16081 |  15398 |    683 |   2598 |   8693 |  12 | 1340.1 |
        Temple |     56 |     33 |     23 |      0 |      0 |   1 |   56.0 |
          Lair |   7342 |   7244 |     98 |   1720 |   3677 |   5 | 1468.4 |
  Orcish Mines |   3185 |   3135 |     50 |    278 |   1894 |   2 | 1592.5 |
               +--------+--------+--------+--------+--------+-----+--------+

Top non-repeatable levels by time:
  Lair:4: 1974 daAuts
     D:6: 1886 daAuts
    D:12: 1836 daAuts
  Lair:3: 1738 daAuts
     D:4: 1713 daAuts
   Orc:2: 1659 daAuts
   Orc:1: 1526 daAuts
     D:2: 1451 daAuts
     D:9: 1437 daAuts
     D:3: 1406 daAuts
  Lair:2: 1401 daAuts
    D:10: 1235 daAuts
  Lair:1: 1196 daAuts
     D:5: 1168 daAuts
     D:8: 1149 daAuts
